Cogmind - Beta 17.1 @@@ ROGUE MODE // 2026.09.10 @ 22:36:54 Player: poison Result: Self-destructed Performance ------------- Evolutions (2) 1000 Regions Visited (3) 600 Robots Destroyed (35) 175 Value Destroyed (1104) 1104 Prototype IDs (1) 20 Alien Tech Used (0) 0 Bonus (8) 8 TOTAL SCORE: 2907 Bonus ------- High Alert Combat Kills 52 Friendly Fire -44 Cogmind --------- Core Integrity 322/550 Matter 11/300 Energy 24/100 System Corruption 0% Temperature Warm (119) Movement Walking (130) Location -8/Materials Parts ------- > --- POWER (1) -------- (None) > --- PROPULSION (4) --- Improved Titanium Leg Improved Titanium Leg Improved Titanium Leg Improved Titanium Leg > --- UTILITY (4) ------ Advanced Visual Processing Unit Sensor Array Hardened Heavy Armor Plating > --- WEAPON (2) ------- Precision Shock Rifle > --- INVENTORY (5) ---- Improved Heat Sink High-capacity Battery (250) Peak State ------------ > --- POWER ------------ Light Nuclear Core > --- PROPULSION ------- Improved Titanium Leg Improved Titanium Leg Improved Titanium Leg Improved Titanium Leg > --- UTILITY ---------- Advanced Visual Processing Unit Sensor Array Hardened Heavy Armor Plating > --- WEAPON ----------- Light EM Pulse Cannon Ion Cannon > --- INVENTORY -------- Light Nuclear Core Improved Heat Sink High-capacity Battery Improved Signal Interpreter ECM Suite [Rating: 37] Favorites ----------- Power Subdweller Power Source Engine Subdweller Power Source Power Core Light Nuclear Core Propulsion Aluminum Leg Leg Aluminum Leg Wheel Subdweller Monowheel Utility Scrap Shield Device Sensor Array Storage Small Storage Unit Processor Advanced Visual Processing Unit Protection Scrap Shield Weapon Grenade Launcher Energy Gun EM Pulse Gun Energy Cannon Ion Cannon Ballistic Gun Assault Rifle Launcher Grenade Launcher Build | -11 -10 -10 -8 ------- Run | Yrd Mat Sub Mat Slots Evolved 4 | . . . 4 Power . | . . . . Propulsion 2 | . . . 2 Utility 2 | . . . 2 Weapon . | . . . . Parts Attached 36 | 6 5 6 19 Power 6 | 1 . 2 3 Engine 4 | 1 . 2 1 Core 2 | . . . 2 Reactor . | . . . . Propulsion 8 | 2 . 2 4 Treads . | . . . . Leg 6 | 2 . . 4 Wheel 2 | . . 2 . Hover . | . . . . Flight . | . . . . Utility 12 | . 4 1 7 Device 3 | . 1 . 2 Storage 1 | . . . 1 Processor 2 | . 1 . 1 Hackware . | . . . . Protection 6 | . 2 1 3 Artifact . | . . . . Weapon 10 | 3 1 1 5 Energy Gun 5 | 2 . 1 2 Energy Cannon 2 | . . . 2 Ballistic Gun 1 | 1 . . . Ballistic Cannon . | . . . . Launcher 2 | . 1 . 1 Special Weapon . | . . . . Impact Weapon . | . . . . Slashing Weapon . | . . . . Piercing Weapon . | . . . . Special Melee Weapon . | . . . . Unidentified Prototypes 1 | . . . 1 Parts Lost 5 | . . . 5 Power 2 | . . . 2 Propulsion . | . . . . Utility 1 | . . . 1 Weapon 2 | . . . 2 Highest Loss Streak 4 | . . . 4 To Critical Strikes . | . . . . Average Backups 4 | . 3 5 4 Power . | . 1 . . Propulsion . | . 1 . . Utility 2 | . . 2 3 Weapon . | . . 1 . Tool/Special . | . . . . Unused Backups 9 | 1 . 2 6 Power 2 | . . 1 1 Propulsion 3 | 1 . 1 1 Utility 4 | . . . 4 Weapon . | . . . . Tool/Special . | . . . . Average Slot Usage (%) 83 | . 90 79 85 Engine 11 | . 14 14 5 Core 1 | . . . 3 Leg 23 | . 28 14 31 Wheel 3 | . . 7 . Device 5 | . 7 . 11 Processor 3 | . 4 . 7 Protection 10 | . 6 13 8 Energy Gun 10 | . 14 13 3 Energy Cannon 1 | . . . 5 Launcher 11 | . 13 14 8 Peak Build Rating 37 | 5 8 13 37 Average Rating 15 | 4 6 10 30 On Entrance 6 | . 5 8 11 Avg Prop Armor Cover (%) . | . . . . Naked Turns . | . . . . Heaviest Build 38 | 7 10 30 38 Greatest Support 80 | 20 20 40 80 Greatest Overweight (x) 9 | . . 9 1 Average Overweight (x) . | . . 1 . Largest Inventory Capacity 8 | 5 5 5 8 Average Capacity 5 | 5 5 5 5 Most Carried 7 | 2 5 5 7 Average Carried 4 | . 3 4 4 Final Capacity 5 | 5 5 5 5 Final Carried 5 | 2 5 5 2 Class Distribution -------------------- 68% | Mutant 31% | Subdweller-Mutant Dominant Class ---------------- Mutant | -10/Materials Subdweller-Mutant | -10/Subcaves Mutant | -8/Materials Resources | -11 -10 -10 -8 ----------- Run | Yrd Mat Sub Mat Matter Collected 589 | 192 77 174 146 Remotely . | . . . . Salvage Created 734 | . 53 46 635 Parts 53 | . 16 1 36 Haulers Intercepted . | . . . . Recyclers Shooed 1 | . . . 1 Parts Field Recycled . | . . . . Retrieved Matter . | . . . . Parts Self-Destructed 8 | . . 8 . Prevented . | . . . . Parts Restored . | . . . . Kills | -11 -10 -10 -8 ------- Run | Yrd Mat Sub Mat Combat Hostiles Destroyed 23 | . 3 2 18 Guns 2 | . . . 2 Cannons 2 | . . . 2 AOE 19 | . 3 2 14 Classes Destroyed 11 | . 4 1 6 Worker 5 | . . . 5 Builder 2 | . 1 . 1 Operator 2 | . 1 . 1 Watcher 3 | . 2 . 1 Swarmer 6 | . 3 . 3 Grunt 9 | . . . 9 Brawler 1 | . . . 1 Duelist 1 | . . . 1 Sentry 2 | . . . 2 Specialist 2 | . . . 2 Subdweller 2 | . . 2 . Best Kill Streak 8 | . 3 2 8 Combat Bots Only 6 | . 3 2 6 Max Kills in Single Turn 4 | . 2 1 4 Gunslinging . | . . . . Exploded 3 | . 2 1 3 Melee . | . . . . Uniques/NPCs Destroyed . | . . . . Combat | -11 -10 -10 -8 -------- Run | Yrd Mat Sub Mat Hostile Shots Fired 156 | . 11 12 133 Missed 51 | . 5 5 41 Hits 105 | . 6 7 92 Melee 4 | . . . 4 Projectile 101 | . 6 7 88 Critical Strikes 8 | . . . 8 Damage Taken 2006 | . 46 135 1825 Core 237 | . 9 . 228 Absorbed by Shields . | . . . . Core Remaining (%) 98 | 100 . 96 . Volleys Fired 49 | . 7 6 36 Largest 2 | . 2 2 2 Hottest 90 | . 70 70 90 Shots Fired 82 | . 13 11 58 Gun 25 | . 7 6 12 Cannon 24 | . . . 24 Launcher 33 | . 6 5 22 Special . | . . . . Kinetic . | . . . . Thermal 25 | . . . 25 Explosive 33 | . 6 5 22 Electromagnetic 24 | . 7 6 11 Robot Hit Streak 6 | . 1 4 6 Robot Miss Streak 3 | . 2 3 3 Penetration Max . | . . . . Secondary Targets . | . . . . Shots Hit Robots 40 | . 5 4 31 Core Hits 66 | . 9 7 50 Critical Kills . | . . . . Critical Parts Destroyed . | . . . . Critical Strikes . | . . . . Melee Attacks . | . . . . Impact . | . . . . Slashing . | . . . . Piercing . | . . . . Sneak Attacks . | . . . . Combat Hostiles . | . . . . Follow-up Attacks . | . . . . Damage Inflicted 3022 | . 362 530 2130 Guns 164 | . . 24 140 Cannons 322 | . . . 322 Explosions 2468 | . 345 506 1617 Melee . | . . . . Ramming 68 | . 17 . 51 Kinetic . | . . . . Thermal 423 | . . . 423 Explosive 2367 | . 345 506 1516 Electromagnetic 164 | . . 24 140 Impact . | . . . . Slashing . | . . . . Piercing . | . . . . Highest Corruption . | . . . . Average Corruption . | . . . . Corruption Purged . | . . . . Corruption Blocked . | . . . . Overload Shots . | . . . . Overflow Damage 109 | . 30 . 79 Projectiles . | . . . . Explosions 109 | . 30 . 79 Melee . | . . . . Knockbacks . | . . . . Impact . | . . . . Kinetic . | . . . . Secondary . | . . . . Self-Inflicted Damage 189 | . 2 . 187 Shots 9 | . 1 . 8 Rammed . | . . . . Targets Rammed 12 | . 5 . 7 Kicked 12 | . 5 . 7 Crushed . | . . . . Highest Temperature 299 | . 18 . 299 Average Temperature 106 | . 7 . 115 Received Heat Transfer 720 | . . 18 702 Siege Activations . | . . . . Martial Activations . | . . . . Shielding Activations . | . . . . Robots Disrupted . | . . . . Combat Hostiles . | . . . . Robots Corrupted . | . . . . Combat Hostiles . | . . . . Parts Fried . | . . . . Impact Corruptions . | . . . . Robots Melted . | . . . . Combat Hostiles . | . . . . Parts Melted . | . . . . Heat Transferred 568 | . . . 568 Parts Sabotaged . | . . . . Parts Stolen . | . . . . Parts Stripped . | . . . . Power Chain Reactions . | . . . . Alert | -11 -10 -10 -8 ------- Run | Yrd Mat Sub Mat Maximum Alert Level 2 | . . . 2 Low Security (%) 72 | 100 100 . 51 Level 1 21 | . . . 38 Level 2 5 | . . . 10 Level 3 . | . . . . Level 4 . | . . . . Level 5 . | . . . . High Security . | . . . . Max Security . | . . . . Peak Influence 495 | . 82 . 495 Initial . | . . . . Average 109 | . 13 . 185 Influence Increases 964 | . 149 . 815 Destroy 0b10 Robot/C 420 | . 60 . 360 Destroy 0b10 Robot/NC 60 | . 20 . 40 Destroy Leader 86 | . 14 . 72 Disable Machine 60 | . 30 . 30 Anti-Garrison Action 150 | . . . 150 Destroy Structure 143 | . 25 . 118 Lose Combat Pursuer 45 | . . . 45 Influence Decreases 485 | . 149 . 336 Time Decay 435 | . 149 . 286 Lost Part 50 | . . . 50 Squads Dispatched 5 | . . . 5 Investigation . | . . . . Extermination . | . . . . Reinforcement 3 | . . . 3 Assault 2 | . . . 2 Garrison . | . . . . Intercept . | . . . . Searches Triggered . | . . . . Construction Impeded 2 | . . . 2 Haulers Reinforced . | . . . . Active Scanning Responses . | . . . . Cargo Convoy Interrupts . | . . . . Stealth | -11 -10 -10 -8 --------- Run | Yrd Mat Sub Mat Distress Signals 1 | . . . 1 Communications Jammed . | . . . . Distress Signals . | . . . . Times Spotted 54 | . 8 12 34 Peak Tracking Total 7 | . 3 5 7 Tactical Retreats 4 | . . 1 3 Traps | -11 -10 -10 -8 ------- Run | Yrd Mat Sub Mat Traps Triggered . | . . . . Indirectly . | . . . . Trap Hack Attempts . | . . . . Triggered . | . . . . Disarmed . | . . . . Reprogrammed . | . . . . Reused . | . . . . Traps Extracted . | . . . . Installed . | . . . . Triggered . | . . . . Machines | -11 -10 -10 -8 ---------- Run | Yrd Mat Sub Mat Machines Disabled 5 | . 2 . 3 Max in Single Turn 2 | . 1 . 2 Garrison Access 1 | . . . 1 Machines Repaired . | . . . . Machines Dismantled . | . . . . Machines Sabotaged . | . . . . Overloaded Fab Kills . | . . . . Hacking | -11 -10 -10 -8 --------- Run | Yrd Mat Sub Mat Machines Accessed 3 | . 2 . 1 Terminals 1 | . 1 . . Fabricators . | . . . . Repair Stations 1 | . . . 1 Recycling Units 1 | . 1 . . Scanalyzers . | . . . . Garrison Access . | . . . . Total Hacks 3 | . 2 . 1 Successful 2 | . 2 . . Failed 1 | . . . 1 Catastrophic . | . . . . Database Lockouts . | . . . . Manual . | . . . . Terminals 1 | . 1 . . Fabricators . | . . . . Repair Stations 1 | . . . 1 Recycling Units 1 | . 1 . . Scanalyzers . | . . . . Garrison Access . | . . . . Terminal Hacks 1 | . 1 . . Record 1 | . 1 . . Fabricator Hacks . | . . . . Repair Station Hacks . | . . . . Recycling Unit Hacks 1 | . 1 . . Report Inventory 1 | . 1 . . Scanalyzer . | . . . . Garrison Access Hacks . | . . . . Unauthorized Hacks . | . . . . Terminals . | . . . . Fabricators . | . . . . Repair Stations . | . . . . Recycling Units . | . . . . Scanalyzers . | . . . . Garrison Access . | . . . . Data Cores Recovered 2 | . 1 . 1 Used . | . . . . Hacking Detections 2 | . 1 . 1 Full Trace Events . | . . . . Feedback Events . | . . . . Feedback Blocked . | . . . . Robot Schematics Acquired . | . . . . Robots Built . | . . . . Authchips . | . . . . Time . | . . . . Total Robot Build Rating . | . . . . Part Schematics Acquired . | . . . . Parts Built . | . . . . Authchips . | . . . . Time . | . . . . Total Part Build Rating . | . . . . Part Studies Acquired . | . . . . Parts Repaired . | . . . . Time . | . . . . Parts Recycled . | . . . . Recycled Matter . | . . . . Retrieved Matter . | . . . . Retrieved Components . | . . . . Parts Scanalyzed . | . . . . Part Schematics Acquired . | . . . . Parts Damaged . | . . . . Bothacking | -11 -10 -10 -8 ------------ Run | Yrd Mat Sub Mat Used RIF Installer . | . . . . Robots Hacked . | . . . . Non-combat . | . . . . Combat . | . . . . Robot Hacks Applied . | . . . . Relay Couplers Released 2 | . . . 2 Machine Destruction 2 | . . . 2 Fabnet Peak Effective % . | . . . . Robots Rewired . | . . . . Allies Hacked . | . . . . Hacks Repelled . | . . . . Allies | -11 -10 -10 -8 -------- Run | Yrd Mat Sub Mat Total Allies . | . . . . Largest Group . | . . . . Highest-Rated Group . | . . . . Highest-Rated Ally . | . . . . Total Orders . | . . . . Ally Attacks . | . . . . Total Damage . | . . . . Kills . | . . . . Allies Corrupted . | . . . . Allies Melted . | . . . . Intel | -11 -10 -10 -8 ------- Run | Yrd Mat Sub Mat Active Infowar (turns) 1411 | . 370 55 986 Optics 1274 | . 238 55 981 Sensors 1410 | . 370 55 985 ECM 59 | . . . 59 Robot Analysis Total . | . . . . Derelict Logs Recovered . | . . . . Drone Launches . | . . . . Drone Recoveries . | . . . . Exploration | -11 -10 -10 -8 ------------- Run | Yrd Mat Sub Mat Turns Passed 3109 | 95 665 1363 986 Spaces Moved 1833 | 71 518 729 515 Core 55 | 3 . 52 . Treads . | . . . . Legs 1459 | 68 518 358 515 Wheels 319 | . . 319 . Hover . | . . . . Flight . | . . . . Fastest Speed 50 | 50 120 110 120 Average Speed 147 | 117 120 174 140 Slowest Speed 500 | 120 120 500 190 Overloaded Moves . | . . . . Propulsion Burnouts . | . . . . Robots Hopped . | . . . . Potential Cave-ins 1 | . . . 1 Cave-ins Triggered . | . . . . Exploration Rate (%) 30 | 4 54 29 34 Regions Visited 3 Branch Regions 1 Pre-discovered Areas . | . . . . Known Exits Taken . | . . . . Unknown Exits Taken 3 | 1 1 1 . Scrap Searched . | . . . . Spaces Dug . | . . . . Terrain Destroyed 180 | . 22 17 141 Melee . | . . . . Projectile 4 | . . . 4 AOE 176 | . 22 17 137 Terrain Rammed . | . . . . Walls Destroyed . | . . . . Machines Disabled . | . . . . Actions | -11 -10 -10 -8 --------- Run | Yrd Mat Sub Mat Total 2153 | 81 546 809 717 Wait 168 | . 8 52 108 Move 1830 | 70 517 728 515 Hop . | . . . . Pick Up 16 | 3 2 3 8 Fast Attach 29 | 6 4 6 13 Attach 6 | . . . 6 Detach 2 | . 1 . 1 Swap 6 | . 1 2 3 Drop 35 | 2 1 12 20 Fire 49 | . 7 6 36 Melee . | . . . . Ram . | . . . . Kick 12 | . 5 . 7 Crush . | . . . . Escape Stasis . | . . . . Rewire . | . . . . Trap . | . . . . Miscellaneous . | . . . . Route ------- -11/Scrapyard -10/Materials (discovered 3 exits: [*Mat] / [*Min] / [*Sub]) -10/Subcaves -8/Materials (discovered 1 exit: [*Fac]) History --------- Turn | Location | Event 9 | -11/Scrapyard | Discovered new exit (range 15) 96 | -11/Scrapyard | Entered Materials 292 | -10/Materials | Discovered new exit (range 7) 302 | -10/Materials | Build established: Mutant 352 | -10/Materials | Discovered new exit (range 13) 675 | -10/Materials | Discovered new exit (range 17) 761 | -10/Materials | Entered Subcaves 1190 | -10/Subcaves | A swath of the cavern ceiling suddenly collapsed 1241 | -10/Subcaves | Ambushed by swarm of Subdwellers 1360 | -10/Subcaves | Discovered new exit (range 7) 1604 | -10/Subcaves | Build established: Subdweller-Mutant 2124 | -10/Subcaves | Entered Materials 2124 | -8/Materials | Evolved 4 slots: Propulsion x2, Utility x2 2598 | -8/Materials | Build established: Mutant 2822 | -8/Materials | Discovered new exit (range 17) 3091 | -8/Materials | Lost 4 parts (1p1u2w) 3110 | -8/Materials | Self-destructed Last Messages --------------- The unstable cave ceiling collapses. Prc. Shock Rifle destroyed. Rocket Launcher destroyed. Kicked R-06 Scavenger out of the way. Critical hit (Burn: +37). Deuterium Engine destroyed. Penetrated by Slug. Imp. Medium Armor Plating destroyed. Dropped Imp. Signal Interpreter. Dropped Sml. Storage Unit. Critical hit (Burn: +37). L-31 Rogue destroyed. Y-45 Defender destroyed. C-45 Heavy ARC bursts open, deploying its payload. L-31 Rogue unfolds itself. B-36 Bruiser unfolds itself. M-28 Smith unfolds itself. Critical hit (Burn: +37). Lgt. Nuclear Core destroyed. Map ----- +----------------------------------------------------+ | ???????????????????#// | | ???????????????????# " | | ??????????????????##! T ##############?? | | ????????????????######## #??????????????? | | ????????????????### # #??????????????? | | ???????????????## # # ########???????? | | ??????????????## # #???????? | | ??????????????# %= # #???????? | | ???????????????# [ # """#???????? | | ???????????????## #%###+##### # """#???????? | | ????????????????# ## # # """#???????? | | ????????????????# ##% %""""%# #= #???????? | | ????????????????# # ! ""R" # # +######+##### | | ????????????????# # "" " # | | ????????????????# ## #? | | ????????????????# ## """" # % | | ???????????????## ## """" # # ############# | | ??????########### ## """" ##! ###???????????? | | ??????# """ # ## ## ###?????????????? | | ??????# """"" # ?############ #???????????????? | | ??????# """"" # # # ##?#######?????????? | | ??????# """"" + #### # #?????????? | | ??????# """ # # # ! # """"" #?????????? | | ??????#^ ^ ^ ###?# # !! # """"" #?????????? | | ??????# = # #?# ## !! # """"" #?????????? | | ??????# !# # # @ / # """"" +?????????? | | ??????########### # ###l#### """"" #?????????? | | ???????# ######## ####?g #?# """"" #?????????? | | ???????# / # ! ## ##??#?? #?# """????#?????????? | | ???????# # ] # ####? #?# ?????????????????? | | ???????# # + %" ? ##?##?????????????????? | | ??###### # ! # ## !%!#?????????????????????? | | ??#!! ## #!% ! ###### = #?????????????????????? | | ??#!] ## ###"###????# #?????????????????????? | | ??# # #+## #????# #?????????????????????? | | ??#[[ % ######! #?????????????????????? | | ??#!! % !! %[ #?????????????????????? | | ??#!! " ###########?????????????????????? | | ??###### #%" #???????????????????????????????? | | ??????# # ##???????????????????????????????? | | ??????## # "????????????????????????????????? | | ??????## # ???????????????????????????????? | | ???????# ## ?????????????????????????????? | | ???????# # ????????????????????????????? | | ???????# # ! ! ""??????????????????????????? | | ???????# # [%*% """?????????????????????????? | | ???????##### ?????????????????????????? | | ???????????# !"" ????????????????????????? | | ???????????# # G !????????????????????????? | | ???????????## # !"" ???????????????????????? | +----------------------------------------------------+ Best States ------------- Heat Dissipation 31 Energy Generation 15 Energy Capacity 275 Matter Stores 281 Matter Capacity 300 Sight Range 21 Robot Scan Range 14 Terrain Scan Density 10 ECM Strength 1 Armor Coverage 800 Propulsion Shielding 33 Evasion (%) 55 Item Schematics ----------------- None Robot Schematics ------------------ None Fabricated ------------ Nothing Repaired ---------- Nothing Studied --------- None Alien Tech Used ----------------- None Achievements -------------- None Challenges ------------ None Game ------ Seed ScatterGravityFlakker Manual? 0 Play Time 00:26:13 Cumulative 4.4 hours Start 2026.09.10 @ 22:12:22 End 2026.09.10 @ 22:36:54 Sessions 3 Manual Loads 0 Difficulty Rogue Special Mode None Game No. 7 Rogue 7 Adventurer 0 Explorer 0 Win Type - Total 0 Types 0/0/0/0/0/0/0/0/0/0 Lore% 7 Gallery% 8 Achievement% 7 Wizard Run 0 Options --------- Layout 1 ASCII 0 Keyboard 0 Movement Arrows Keybinds 0 Fullscreen 1 Font 24/Smallcaps Map View 50x35 Zoom Use 0% Tactical HUD 0 Map Filters NONE Filters NONE Steam 1 RUN: 33e40e4d-a2a4-482f-9626-d284442973dc